 Seeded DCSS version 0.27.1-3-gb3d3a73c9e (webtiles) character file.

Game seed: 20211027 (custom seed)

4 jessy the Skirmisher (level 1, -1/21 HPs)
             Began as a Naga Berserker on Oct 27, 2021.
             Was a Follower of Trog.
             Slain by a goblin (4 damage)
             ... on level 1 of the Dungeon.
             The game lasted 00:00:59 (197 turns).

jessy the Skirmisher (Naga Berserker)                Turns: 197, Time: 00:01:01

Health: -1/21      AC:  1    Str: 19    XL:     1   Next: 60%
Magic:  1/1        EV:  9    Int:  7    God:    Trog [*.....]
Gold:   0          SH:  0    Dex: 10    Spells: 0/0 levels left

rFire    . . .     SeeInvis +   a - +0 mace
rCold    . . .     Faith    .   (no shield)
rNeg     . . .     Spirit   .   b - +0 animal skin
rPois    +         Reflect  .   (no helmet)
rElec    .         Harm     .   (no cloak)
rCorr    .         Rampage  .   (no gloves)
Will     .....                  (no barding)
Stlth    +.........             (no amulet)
HPRegen  0.07/turn              (no ring)
MPRegen  0.07/turn              (no ring)

@: very slow
A: AC +0, large, see invisible, deformed body, poison resistance, slowness 2,
spit poison 1, naga tail 1
a: Spit Poison, Renounce Religion, Berserk


You were on level 1 of the Dungeon.
You worshipped Trog.
Trog was aware of your devotion.
You visited 1 branch of the dungeon, and saw 1 of its levels.

Inventory:

Hand Weapons
 a - a +0 mace (weapon)
Armour
 b - a +0 animal skin (worn)
Scrolls
 c - a scroll of immolation {unknown}


   Skills:
 + Level 3.1 Fighting
 + Level 3.0 Maces & Flails
 + Level 1.5 Armour
 + Level 1.5 Dodging


You couldn't memorise any spells.
You didn't know any spells.
Your spell library was empty.

Dungeon Overview and Level Annotations

Branches:
Dungeon (1/15)

Altars:
Trog

Shops:
D:1 (


Innate Abilities, Weirdness & Mutations

Your serpentine skin is tough. (AC +0)
You have supernaturally acute eyesight. (SInv)
Armour fits poorly on your strangely shaped body.
Your system is resistant to poisons. (rPois)
You cover ground very slowly.
You can spit poison.
You have a snake-like lower body.


Message History

You sock the plant!
The plant is lightly damaged.
You hit the plant.
The plant is lightly damaged.
You thump the plant!
The plant is lightly damaged.
A nearby plant withers and dies.
You sock the plant!
The plant begins to die.
The plant is lightly damaged.
You hit the plant.
The plant is lightly damaged.
You hit the plant.
The plant is lightly damaged.
A nearby plant withers and dies.
You open the door.
A goblin comes into view. It is wielding a +0 club.
The goblin shouts!
You hear a shout! x2
A hobgoblin comes into view.
A kobold comes into view. It is wielding a +0 whip of freezing.
The goblin moves out of view.
Found a stone staircase leading down.
The hobgoblin hits you. The hobgoblin hits you. x2
The hobgoblin hits you.
The kobold hits you with a +0 whip of freezing.
The kobold freezes you.
You hit the hobgoblin.
You kill the hobgoblin!
Trog accepts your kill.
The kobold hits you with a +0 whip of freezing.
* * * LOW HITPOINT WARNING * * *
The kobold freezes you.
* * * LOW HITPOINT WARNING * * *
You miss the goblin.
The kobold hits you with a +0 whip of freezing.
* * * LOW HITPOINT WARNING * * *
The kobold freezes you.
* * * LOW HITPOINT WARNING * * *
The goblin hits you with a +0 club.
You die...

....#.........
.##.#........#. ...#..
.##.#........#. ...#..
....#.......... .....
....#........#. ...#
.........###.#. ...##..
...............##..>...
.......∩...........#
................@.#
...##)#.........gK# .
#####.##.###..##..# .K .#
#.# .# #......# g.. .# #.#
.# #.###..# .... .# #.# .#
#. #..# ..... .# #.# .# .
###..##......
.####.##.#.###.....'......
..................##......


You could see a goblin and a kobold.

Vanquished Creatures
  An endoplasm (D:1)
  A goblin (D:1)
  A hobgoblin (D:1)
3 creatures vanquished.

Vanquished Creatures (others)
  A fungus (D:1)
  3 plants (D:1)
4 creatures vanquished.

Grand Total: 7 creatures vanquished

Notes
Turn   | Place    | Note
-------+----------+-------------------------------------------
     0 | D:1      | jessy the Naga Berserker began the quest for the Orb.
     0 | D:1      | Reached XP level 1. HP: 21/21 MP: 1/1
    10 | D:1      | Found Septann's Antique Weapon Shoppe.
    73 | D:1      | Found a faded altar of an unknown god.
   197 | D:1      | Slain by a goblin

Illustrated notes

Levels and vault maps discovered:
D:1:      amcnicky_arrival_gap_in_the_tavern_cellar, layout_basic,
          shapermc_ecumenical_altar_mp_ritualfount, serial_shops, shop

Action                   || total
-------------------------++-------
Melee: Mace              ||    17
Dodge: Dodged            ||     2
